 Dungeon Crawl Stone Soup version 0.30-a0-596-g0af90f9a20 (webtiles) character file.

Game seed: 14628740434795871522

183850 NinjaNoafa the Jinx (level 18, -5/90 HPs)
             Began as a Vine Stalker Fighter on Jan 6, 2023.
             Was the Champion of Ashenzari.
             Slain by a demonic crawler (7 damage)
             ... on level 2 of the Spider Nest on Jan 7, 2023.
             The game lasted 02:42:45 (36397 turns).

NinjaNoafa the Jinx (Vine Stalker Fighter)         Turns: 36397, Time: 02:42:45

Health: -5/90      AC: 19    Str: 19    XL:     18   Next: 38%
Magic:  0/35       EV: 22    Int: 17    God:    Ashenzari [******]
Gold:   43         SH:  9    Dex: 14    Spells: 7/41 levels left

rFire   + + +      SeeInvis +    M - +9 lance "Wyrmbane" {slay drac, rPois rF+ rC+ AC+3, Evo, Melee} (curse)
rCold   + . .      Faith    .    N - +2 buckler of the Visionary Ether {Bglg, Fort} (curse)
rNeg    . . .      Spirit   +    L - +2 swamp dragon scales of Ashenzari's Pleiades {rPois, Comp, Melee} (curse)
rPois   +          Reflect  .    U - +2 hat of Ashenzari's Vision {Int+3, Comp, Melee} (curse)
rElec   .          Harm     .    u - scarf of Ashenzari's Absolutism {repulsion, Fort, Melee} (curse)
rCorr   .          Rampage  .    A - +0 pair of gloves of the Unveiling Vexation {Cun, Melee} (curse)
Will    +++..      Clarity  +    h - +2 pair of boots of Cremastomancy {Fly, Fort, Self} (curse)
Stlth   +++++                    G - amulet of Toth-Mos's Legacy {RegenMP, Comp, Bglg} (curse)
HPRegen 1.15/turn                s - ring "Sybil of Ashenzari" {+Blink rF++ EV+5 Dex-4, Elem, Cun} (curse)
MPRegen 0.64/turn                I - ring of Ashenzari's Pessimism {Int+6, Comp, Fort} (curse)

@: mighty, wereblooded, corroded, flying, repel missiles
A: fangs 3, regeneration 1, magic shield, antimagic bite, no potion heal 2,
berserk 2, clumsy 1, dopey 1, frail 1, strong-willed 1, mutation resistance 1,
screaming 1
a: Renounce Religion, Evoke Blink, Shatter the Chains


You were on level 2 of the Spider Nest.
You worshipped Ashenzari.
Ashenzari was exalted by your worship.
You visited 7 branches of the dungeon, and saw 29 of its levels.
You also visited: Gauntlet.

You collected 3021 gold pieces.
You spent 2978 gold pieces at shops.

Inventory:

Hand Weapons
 M - the cursed +9 lance "Wyrmbane" (weapon) {slay drac, rPois rF+ rC+ AC+3, Evo, Melee}
   (You took it off Maggie on level 6 of the Dungeon)

   It inflicts extra damage against dragons and draconians.
   AC:        It affects your AC (+3).
   rF:        It protects you from fire.
   rC:        It protects you from cold.
   rPois:     It protects you from poison.
   It has a curse which improves the following skills: Evocations: Evocations.
   Melee Combat: Short Blades, Long Blades, Axes, Maces & Flails, Polearms,
   Staves and Unarmed Combat.
Missiles
 a - 3 curare-tipped darts
 e - 4 datura-tipped darts
 l - 37 boomerangs
 r - 3 silver boomerangs
 w - 56 poisoned darts
 x - 11 javelins
 H - 7 throwing nets
 K - 6 atropa-tipped darts
 P - 5 silver javelins
Armour
 h - the cursed +2 pair of boots of Cremastomancy (worn) {Fly, Fort, Self}
   (You bought it in a shop on level 2 of the Orcish Mines)

   It has a curse which improves the following skills: Fortitude: Armour and
   Shields.
   Introspection: Fighting and Spellcasting.
 u - the cursed scarf of Ashenzari's Absolutism (worn) {repulsion, Fort, Melee}
   (You found it on level 4 of the Lair of Beasts)

   It has a curse which improves the following skills: Fortitude: Armour and
   Shields.
   Melee Combat: Short Blades, Long Blades, Axes, Maces & Flails, Polearms,
   Staves and Unarmed Combat.
 A - the cursed +0 pair of gloves of the Unveiling Vexation (worn) {Cun, Melee}
   (You found it on level 9 of the Dungeon)

   It has a curse which improves the following skills: Cunning: Dodging and
   Stealth.
   Melee Combat: Short Blades, Long Blades, Axes, Maces & Flails, Polearms,
   Staves and Unarmed Combat.
 L - the cursed +2 swamp dragon scales of Ashenzari's Pleiades (worn) {rPois, Comp, Melee}
   (You took it off Maggie on level 6 of the Dungeon)

   rPois:     It protects you from poison.
   It has a curse which improves the following skills: Companions: Summonings
   and Necromancy.
   Melee Combat: Short Blades, Long Blades, Axes, Maces & Flails, Polearms,
   Staves and Unarmed Combat.
 N - the cursed +2 buckler of the Visionary Ether (worn) {Bglg, Fort}

   It has a curse which improves the following skills: Beguiling: Conjurations,
   Hexes and Translocations.
   Fortitude: Armour and Shields.
 U - the cursed +2 hat of Ashenzari's Vision (worn) {Int+3, Comp, Melee}
   (You took it off Gastronok on level 11 of the Dungeon)

   It has a curse which improves the following skills: Companions: Summonings
   and Necromancy.
   Melee Combat: Short Blades, Long Blades, Axes, Maces & Flails, Polearms,
   Staves and Unarmed Combat.
Jewellery
 s - the cursed ring "Sybil of Ashenzari" (left hand) {+Blink rF++ EV+5 Dex-4, Elem, Cun}
   (You found it on level 2 of the Dungeon)

   [ring of evasion]

   EV:        It affects your evasion (+5).
   Dex:       It affects your dexterity (-4).
   rF:        It greatly protects you from fire.
   +Blink:    It lets you blink.
   It has a curse which improves the following skills: Elements: Fire Magic, Ice
   Magic, Air Magic and Earth Magic.
   Cunning:   Dodging and Stealth.
 G - the cursed amulet of Toth-Mos's Legacy (around neck) {RegenMP, Comp, Bglg}
   (You found it in a Gauntlet)

   [amulet of magic regeneration]

   It increases your rate of magic regeneration.
   It has a curse which improves the following skills: Companions: Summonings
   and Necromancy.
   Beguiling: Conjurations, Hexes and Translocations.
 I - the cursed ring of Ashenzari's Pessimism (right hand) {Int+6, Comp, Fort}
   (You found it on level 10 of the Dungeon)

   [ring of intelligence]

   Int:       It affects your intelligence (+6).
   It has a curse which improves the following skills: Companions: Summonings
   and Necromancy.
   Fortitude: Armour and Shields.
Wands
 m - a wand of flame (26)
 n - a wand of quicksilver (2)
 o - a wand of mindburst (31)
 v - a wand of iceblast (42)
 X - a wand of charming (12)
Scrolls
 b - 8 scrolls of poison
 i - 4 scrolls of teleportation
 k - 3 scrolls of silence
 y - 3 scrolls of immolation
 B - a scroll of fear
 E - 7 scrolls of vulnerability
 F - 5 scrolls of torment
 J - 3 scrolls of magic mapping
 Q - 4 scrolls of fog
Potions
 c - 7 potions of degeneration
 d - 7 potions of might
 f - 8 potions of lignification
 j - 6 potions of flight
 p - 4 potions of brilliance
 q - 10 potions of curing
 t - 4 potions of resistance
 z - 3 potions of invisibility
 C - 3 potions of ambrosia
 O - a potion of cancellation
 R - 2 potions of haste
 S - 3 potions of magic
 Y - a potion of berserk rage
Miscellaneous
 g - a tin of tremorstones (1/2)
 V - a phial of floods


   Skills:
 - Level 10.3(13.0) Fighting
 - Level 2.4(7.6) Short Blades
 - Level 8.0(15.0) Polearms
 - Level 5.0 Ranged Weapons
 - Level 7.9(14.0) Armour
 - Level 10.0(14.0) Dodging
 - Level 10.1(14.0) Stealth
 - Level 6.0(11.9) Shields
 - Level 9.3(12.0) Spellcasting
 - Level 13.1(17.0) Hexes
 + Level 6.1(12.0) Summonings
 - Level 7.0(13.0) Necromancy
 - Level 10.0 Transmutations
 - Level 2.8(5.0) Ice Magic
 - Level 7.2(10.0) Air Magic
 - Level 9.3(12.0) Evocations


You had 7 spell levels left.
You knew the following spells:

 Your Spells              Type           Power      Damage    Failure   Level
a - Wereblood             Tmut           44%        N/A       1%          2
b - Slow                  Hex            100%       N/A       0%          1
c - Tukima's Dance        Hex            61%        N/A       1%          3
e - Swiftness             Air            44%        N/A       1%          3
f - Enfeeble              Hex            30%        N/A       10%         7
g - Yara's Violent Unrav  Hex/Tmut       27%        3d12      1%          5
h - Anguish               Hex/Necr       28%        N/A       1%          4
i - Animate Dead          Necr           53%        N/A       1%          4
j - Apportation           Tloc           24%        N/A       10%         1
k - Airstrike             Air            22%        2d(4-20)  1%          4

Your spell library contained the following spells:

 Spells                   Type           Power      Damage    Failure   Level
 Beastly Appendage        Tmut           88%        N/A       1%          1
 Necrotise                Necr           100%       1d9       1%          1
 Shock                    Conj/Air       100%       1d9       1%          1
 Cigotuvi's Dreadful Rot  Necr/Pois/Air  72%        N/A       1%          2
 Ensorcelled Hibernation  Hex/Ice        94%        N/A       1%          2
 Static Discharge         Conj/Air       56%        2-5/arc   1%          2
 Sublimation of Blood     Necr           53%        N/A       1%          2
 Confusing Touch          Hex            61%        N/A       1%          3
 Vampiric Draining        Necr           53%        2d9       1%          3
 Fulminant Prism          Conj/Hex       20%        3d12      3%          4
 Spider Form              Tmut/Pois      27%        N/A       4%          3
 Vhi's Electric Charge    Tloc/Air       56%        N/A       4%          3
 Blade Hands              Tmut           22%        N/A       5%          5
 Kindle Blastsparks       Fire/Tloc/Air  44%        2d13      9%          3
 Foxfire                  Conj/Fire      44%        2x1d6     10%         1
 Arcjolt                  Conj/Air       14%        1d24      36%         5
 Irradiate                Conj/Tmut      14%        3d16      36%         5
 Lightning Bolt           Conj/Air       14%        1d27      36%         5
 Alistair's Intoxication  Tmut/Pois      18%        N/A       38%         5
 Haunt                    Necr/Summ      26%        N/A       52%         7
 Iskenderun's Mystic Bla  Conj/Tloc      12%        2d5       67%         4
 Passage of Golubria      Tloc           12%        N/A       67%         4
 Dragon Form              Tmut           22%        N/A       86%         7
 Fireball                 Conj/Fire      5%         3d5       95%         5
 Iskenderun's Battlesphe  Conj           12%        2d7       95%         5
 Lee's Rapid Deconstruct  Erth           5%         3d6*      96%         5
 Iron Shot                Conj/Erth      5%         9d2       100%        6
 Starburst                Conj/Fire      5%         6d4       100%        6
 Spellforged Servitor     Conj/Summ      15%        N/A       100%        7
 Infestation              Necr           26%        N/A       98%         8


Dungeon Overview and Level Annotations

Branches:
Dungeon (15/15)            Temple (1/1) D:6            Lair (5/5) D:10
 Shoals (2/4) Lair:2       Spider (2/4) Lair:3        Slime (0/5) Lair:4
    Orc (2/2) D:10            Elf (2/3) Orc:2        Vaults (0/5) D:13
 Depths (0/4) D:15        Gauntlet (visited)

Altars:
Ashenzari
Cheibriados
Dithmenos
Elyvilon
Fedhas
Gozag
Hepliaklqana
Kikubaaqudgha
Makhleb
Nemelex Xobeh
Okawaru
Qazlal
Ru
Sif Muna
Trog
Uskayaw
Vehumet
Wu Jian
Xom
Yredelemnul
Zin
The Shining One
Jiyva
Lugonu

Shops:
D:3 (   D:4 :   D:14 !   D:15 (   Orc:2 (?[[   Elf:1 ??   Elf:2 *   Shoals:1 =

Annotations:
D:13 2 transporters
Elf:2 3 runed translucent doors


Innate Abilities, Weirdness & Mutations

You have razor-sharp teeth.
Your natural rate of healing is unusually fast.
When hurt, damage is shared between your health and your magic reserves.
Your bite disrupts and absorbs the magic of your enemies.
Potions cannot restore your health.
You have an uncontrollable temper.
You are clumsy. (Dex -2)
You are dopey. (Int -2)
You are frail. (-10% HP)
You are strong-willed. (Will+)
You are somewhat resistant to further mutation.
You occasionally shout uncontrollably at your foes.


Message History

You kill the tarantella!
The burst of rock shards engulfs the demonic crawler but does no damage.
The burst of rock shards engulfs the redback!
The burst of rock shards engulfs the redback!!
You kill the redback!
The burst of rock shards engulfs the redback!
The burst of rock shards engulfs the demonic crawler!
The burst of rock shards engulfs the redback!!
You kill the redback!
The burst of rock shards engulfs the moth of wrath!
You kill the moth of wrath!
The burst of rock shards engulfs the redback!!
You kill the redback!
The burst of rock shards engulfs the redback!
The burst of rock shards engulfs the demonic crawler!!
The burst of rock shards engulfs the redback!!
You kill the redback!
The burst of rock shards engulfs the redback!
You kill the redback!
The burst of rock shards engulfs the redback!!
You kill the redback!
The burst of rock shards engulfs the broodmother!
The burst of rock shards engulfs the demonic crawler but does no damage.
The burst of rock shards engulfs the wolf spider!!
The burst of rock shards engulfs you but does no damage.
You hear a faint skittering sound. x2
The demonic crawler misses you.
You block the demonic crawler's attack. x2
The broodmother bites you!!
* * * LOW HITPOINT WARNING * * *
The broodmother is wracked by anguish!
The wolf spider hits you but does no damage.
The wolf spider bites you but does no damage.
Your base Summonings skill increases to level 6!
As you read the scroll of fear, it crumbles to dust.
You assume a fearsome visage.
The wolf spider looks frightened!
The demonic crawler looks frightened!
The demonic crawler is unaffected.
The broodmother is unaffected.
The broodmother is no longer berserk.
The demonic crawler closely misses you. You block the demonic crawler's attack.
The demonic crawler hits you!
You die...

.##..# ##..#.##..##.. .....#
#..##...s#{s∆# .##..#
#.^.....#y##.#. .#..##
##...#..sss...# ...##
#†.##..#ss..... ...##
###s.^..#.###.#.. ##..# ###
### #.<..#.#.#.. ,# *
.>.#####.###.####s..###^.#...,
, .Z##..#†......##@s###.##.#
#. *
..#<..††#.^#...#.s......... ##
∆ #..Z##..###..##..#....#^#..#
* , #.#ZZ#####..##.#..##..#
*#^,** ,
.#^##.#....#...^.(.....#,* ∆**
,, ....#.Z....#...#.##.*#.# ,
, ........##..#..##.*.# ##,,*
, , ..#..##.Z#^.##...., .*,, *
, * ..#..##..###.##..#,, . < *
,,


You could see a broodmother (extremely poisoned, slow, anguished), 2 demonic
crawlers and a wolf spider (summoned, fleeing).

Vanquished Creatures
  Jorgrun (Spider:1)
  Gastronok (D:11)
  Ilsuiw (Shoals:2)
  3 orc warlords
  Nessos (Lair:5)
  The ghost of Newt the Prestidigitator, a journeyman DsGl of Hepliaklqana (Orc:1)
  The ghost of FakeRyeBread the Grappler, a journeyman TrFi of Wu Jian (Lair:1)
  A minotaur (Gauntlet)
  3 deep elf death magi
  A merfolk javelineer (Shoals:1)
  A merfolk impaler (Shoals:1)
  2 ettins
  2 entropy weavers
  Erolcha (D:11)
  Harold (D:11)
  3 vault guards (Elf:2)
  Erica (D:11)
  8 hydras
  A merfolk aquamancer (Shoals:1)
  A jorogumo (Spider:1)
  An ogre mage (D:15)
  3 centaur warriors
  A satyr (Shoals:1)
  A radroach (Spider:2)
  2 catoblepae
  10 two-headed ogres
  16 dancing weapons
  A hell hog (Gauntlet)
  A merfolk avatar (Shoals:1)
  3 boulder beetles
  3 orc high priests
  2 death yaks (Lair:3)
  9 deep elf knights
  A pharaoh ant (Spider:1)
  2 sea snakes
  Lodul (D:10)
  Pikel (D:9)
  2 lindwurms (Lair:3)
  9 deep elf archers
  An orange crystal statue (Shoals:1)
  A wizard (D:14)
  14 deep elf pyromancers
  An orc knight (Orc:1)
  13 deep elf zephyrmancers
  6 fauns (Shoals:1)
  7 harpies (Shoals:1)
  4 wolf spiders
  3 necromancers (Elf:1)
  3 orc sorcerers
  8 ugly things
  2 moths of wrath (Spider:2)
  3 cyclopes
  An elephant (shapeshifter) (Gauntlet)
  A salamander (D:15)
  12 manticores
  8 elephants
  A guardian serpent (Lair:5)
  2 merfolk sirens
  Maggie (D:6)
  9 black mambas
  3 torpor snails
  An unseen horror (D:11)
  Joseph (D:7)
  A demonic crawler (Spider:1)
  2 minotaur zombies (Gauntlet)
  7 komodo dragons
  13 cane toads
  3 kobold demonologists
  A redback zombie (Spider:1)
  4 rime drakes
  12 merfolk
  6 meliai
  8 trolls
  10 tarantellas
  4 wind drakes
  4 polar bears
  9 hornets
  18 blink frogs
  Grinder (D:5)
  6 dream sheep
  5 snapping turtles
  4 culicivoras
  25 slime creatures
  A shadow (D:13)
  7 jumping spiders
  A large abomination (Elf:1)
  2 air elementals
  3 spriggans (Lair:1)
  A vampire (D:11)
  3 water elementals
  42 yaks
  17 wyverns
  Eustachio (D:5)
  3 fire elementals
  4 fire bats (Gauntlet)
  A human (shapeshifter) (D:15)
  8 basilisks
  Grum (D:7)
  28 redbacks
  9 wargs
  22 water moccasins
  2 acid dragons
  3 hell hounds (Gauntlet)
  Duvessa (D:5)
  2 ice beasts
  4 black bears
  A manticore zombie (Shoals:2)
  17 ogres
  39 orc warriors
  7 wolves
  8 centaurs
  2 lemures
  2 phantoms
  Blork the orc (D:6)
  6 kobold brigands
  2 elf zombies (Elf:1)
  18 bullfrogs
  A gnoll sergeant (D:6)
  4 scorpions
  12 wights
  Dowan (D:5)
  8 killer bees (D:10)
  An electric eel (Lair:4)
  4 hounds
  7 jellies
  21 orc priests
  2 gnoll boudas
  Ijyb (D:4)
  4 iguanas
  27 orc wizards
  Robin (D:4)
  29 gnolls
  9 adders
  2 orc zombies (Orc:2)
  2 river rats (D:3)
  A shadow imp (D:5)
  3 white imps
  An ufetubus (D:4)
  4 worms (Lair:3)
  The ghost of petzl the Sneak, a weakling FoDe (D:3)
  A dart slug (D:4)
  124 orcs
  3 ball pythons
  4 bats
  4 endoplasms
  6 giant cockroaches
  15 goblins
  10 hobgoblins
  20 jackals
  5 quokkas
  7 frilled lizards
  17 kobolds
  5 rats
989 creatures vanquished.

Vanquished Creatures (collateral kills)
  Polyphemus (Shoals:2)
  An emperor scorpion (D:15)
  A stone giant (Orc:1)
  A dire elephant (D:15)
  A merfolk javelineer (Shoals:2)
  2 entropy weavers
  2 vault guards (Elf:2)
  The ghost of sokol815 the Cleaver, a journeyman DsMo of Gozag (Orc:2)
  A two-headed ogre (D:15)
  3 death yaks (Shoals:2)
  A pharaoh ant (Spider:1)
  An orb spider (Spider:1)
  A steelbarb worm (Spider:1)
  A harpy (Shoals:1)
  3 deep elf archers
  2 deep elf zephyrmancers (Elf:1)
  A deep elf pyromancer (Elf:2)
  2 wolf spiders (Spider:2)
  An orc knight (Orc:1)
  3 manticores
  3 fauns
  A moth of wrath (Spider:1)
  2 merfolk sirens (Shoals:2)
  2 water nymphs
  A demonic crawler (Spider:1)
  7 merfolk
  A wind drake (Shoals:2)
  2 dream sheep (Shoals:1)
  A jumping spider zombie (Spider:1)
  A slime creature (D:15)
  A culicivora (Spider:1)
  4 redbacks
  2 orc warriors
58 creatures vanquished.

Vanquished Creatures (others)
  A deep elf high priest (Elf:1)
  A two-headed ogre (Orc:2)
  An orb spider (Spider:1)
  3 wolf spider zombies
  A deep elf archer (Elf:2)
  A jorogumo zombie (Spider:1)
  A deep elf pyromancer (Elf:2)
  An ugly thing zombie (D:15)
  A harpy (Shoals:1)
  A deep elf zephyrmancer (Elf:1)
  A cyclops zombie (Shoals:2)
  2 wolf spiders (Spider:1)
  A centaur zombie (Shoals:2)
  3 death yak zombies (Shoals:2)
  A catoblepas zombie (Shoals:2)
  A harpy zombie (Shoals:1)
  4 redback zombies (Spider:1)
  5 merfolk zombies
  5 jumping spider zombies
  A tarantella (Spider:2)
  A tarantella zombie (Spider:1)
  A satyr zombie (Shoals:1)
  2 jumping spiders (Spider:1)
  6 dancing weapons
  13 elf zombies
  A redback (Spider:1)
  A water nymph zombie (Shoals:1)
  4 faun zombies (Shoals:1)
  An entropy weaver zombie (Spider:2)
  An orc warrior (Orc:2)
  A manticore zombie (Shoals:1)
  3 orc zombies (Orc:1)
  2 kobolds (D:8)
  33 fungi
  100 plants
  A withered plant (Gauntlet)
207 creatures vanquished.

Grand Total: 1254 creatures vanquished

Notes
Turn   | Place    | Note
-------+----------+-------------------------------------------
     0 | D:1      | NinjaNoafa the Vine Stalker Fighter began the quest for the
                  | Orb.
     0 | D:1      | Reached XP level 1. HP: 11/11 MP: 2/2
   230 | D:1      | Reached XP level 2. HP: 16/16 MP: 3/3
   736 | D:1      | Reached skill level 1 in Stealth
   784 | D:2      | Reached XP level 3. HP: 19/19 MP: 4/4
   901 | D:1      | Gained mutation: Your natural rate of healing is unusually
                  | fast. [Vine Stalker growth]
   901 | D:1      | Reached XP level 4. HP: 20/24 MP: 3/5
   928 | D:2      | Reached skill level 1 in Dodging
  1171 | D:2      | Identified the ring "Xassig" {+Blink rF++ EV+5 Dex-4}
  1361 | D:3      | HP: 1/24 [orc priest/divine providence (12)]
  1367 | D:3      | Reached XP level 5. HP: 9/28 MP: 1/6
  1427 | D:3      | Found a runed translucent door.
  1430 | D:3      | Noticed petzl's ghost (weakling FoDe)
  1505 | D:3      | Found Lanos's Weapon Shoppe.
  1515 | D:3      | Found a faded altar of an unknown god.
  1747 | D:3      | Found a runed translucent door.
  1799 | D:3      | Noticed a kobold brigand
  1943 | D:3      | Reached skill level 1 in Transmutations
  1953 | D:3      | Reached skill level 1 in Spellcasting
  2005 | D:3      | Reached XP level 6. HP: 28/33 MP: 5/8
  2935 | D:3      | Reached XP level 7. HP: 36/37 MP: 11/11
  3466 | D:4      | Identified the +10 arbalest "Bariheips" {drain, rF+ rCorr}
  3612 | D:4      | Identified the +0 helmet of Shielding {rF+}
  3612 | D:4      | Noticed Robin
  3622 | D:4      | Killed Robin
  3705 | D:4      | Found Zausid's Book Shoppe.
  3732 | D:4      | Found an opulent altar of Gozag.
  3794 | D:4      | Noticed Ijyb
  3796 | D:4      | Killed Ijyb
  4077 | D:4      | Reached skill level 1 in Ranged Weapons
  4168 | D:5      | Entered Level 5 of the Dungeon
  4235 | D:3      | Killed petzl's ghost
  4333 | D:5      | Gained mutation: You have razor-sharp teeth. [Vine Stalker
                  | growth]
  4333 | D:5      | Reached XP level 8. HP: 42/42 MP: 12/12
  4348 | D:5      | Noticed a two-headed ogre
  4350 | D:5      | Noticed Eustachio
  4534 | D:5      | Killed a two-headed ogre
  4535 | D:5      | Reached skill level 5 in Fighting
  4535 | D:5      | Reached skill level 5 in Stealth
  4581 | D:5      | Noticed Dowan
  4582 | D:5      | Killed Dowan
  4634 | D:5      | Killed Eustachio
  4635 | D:5      | Reached XP level 9. HP: 47/47 MP: 8/13
  4946 | D:5      | Noticed Grinder
  4954 | D:5      | Killed Grinder
  5023 | D:5      | Noticed Duvessa
  5028 | D:5      | Killed Duvessa
  5559 | D:6      | Noticed Blork the orc
  5561 | D:6      | Killed Blork the orc
  5568 | D:6      | Found a shimmering blue altar of Sif Muna.
  5764 | D:6      | Noticed Maggie
  5771 | D:6      | Killed Maggie
  5772 | D:6      | Reached XP level 10. HP: 23/53 MP: 5/14
  5776 | D:6      | Reached skill level 5 in Ranged Weapons
  6139 | D:6      | Found a staircase to the Ecumenical Temple.
  6148 | Temple   | Entered the Ecumenical Temple
  6369 | Temple   | Became a worshipper of Ashenzari the Shackled
  7047 | D:8      | Reached skill level 1 in Evocations
  7663 | D:7      | Noticed Joseph
  7676 | D:7      | Killed Joseph
  7677 | D:7      | Reached skill level 5 in Dodging
  8215 | D:7      | Found an ornate altar of the Wu Jian Council.
  8602 | D:8      | Reached skill level 1 in Polearms
  8709 | D:8      | Noticed Grum
  8759 | D:7      | Killed Grum
  9159 | D:9      | Noticed Pikel
  9165 | D:9      | Reached * piety under Ashenzari
  9247 | D:9      | Killed Pikel
  9248 | D:9      | Reached XP level 11. HP: 52/58 MP: 14/16
  9353 | D:9      | Noticed a two-headed ogre
  9369 | D:9      | Killed a two-headed ogre
  9370 | D:9      | Reached skill level 5 in Transmutations
 10117 | D:10     | Entered Level 10 of the Dungeon
 10121 | D:10     | Learned a level 2 spell: Wereblood
 10198 | D:10     | Found a staircase to the Lair.
 10290 | D:10     | Reached ** piety under Ashenzari
 10302 | D:10     | Reached skill level 5 in Armour
 10337 | D:10     | Found a staircase to the Orcish Mines.
 10450 | D:10     | Noticed Lodul
 10456 | D:10     | Killed Lodul
 10529 | D:10     | Noticed a two-headed ogre
 10543 | D:10     | Killed a two-headed ogre
 10855 | D:10     | Found a stormy altar of Qazlal.
 10945 | D:10     | Reached XP level 12. HP: 64/64 MP: 17/17
 11065 | Lair:1   | Entered Level 1 of the Lair of Beasts
 11211 | Lair:1   | Noticed a catoblepas
 11245 | Lair:1   | Killed a catoblepas
 11498 | Lair:1   | Reached *** piety under Ashenzari
 11704 | Lair:1   | Found a runed translucent door.
 11706 | Lair:1   | Noticed FakeRyeBread's ghost (journeyman TrFi)
 11709 | Lair:1   | Identified the +5 trident of Reinforcement {protect, Str+2}
 11709 | Lair:1   | Identified the +0 cloak "Tomp" {rC+ rCorr}
 12021 | Lair:2   | Reached skill level 1 in Hexes
 12021 | Lair:2   | Reached skill level 1 in Ice Magic
 12039 | Lair:2   | Noticed a boulder beetle
 12041 | Lair:2   | Found a staircase to the Shoals.
 12053 | Lair:2   | Noticed a six-headed hydra
 12066 | Lair:2   | Killed a six-headed hydra
 12067 | Lair:2   | Reached skill level 5 in Polearms
 12077 | Lair:2   | Killed a boulder beetle
 12078 | Lair:2   | Reached skill level 2 in Hexes
 12261 | Lair:2   | Noticed a five-headed hydra
 12272 | Lair:2   | Killed a five-headed hydra
 12329 | Lair:2   | Noticed an eight-headed hydra
 12340 | Lair:2   | Killed an eight-headed hydra
 12353 | Lair:2   | Reached **** piety under Ashenzari
 12395 | Lair:2   | Noticed a four-headed hydra
 12405 | Lair:2   | Reached skill level 3 in Hexes
 12697 | D:4      | Bought a book of Air for 286 gold pieces
 12697 | D:4      | Bought a book of Debilitation for 260 gold pieces
 12700 | D:4      | Learned a level 1 spell: Slow
 12703 | D:4      | Learned a level 2 spell: Ensorcelled Hibernation
 12956 | Lair:2   | Killed a four-headed hydra
 13394 | Lair:3   | Reached skill level 5 in Spellcasting
 13405 | Lair:3   | Reached skill level 4 in Hexes
 13453 | Lair:3   | Found a hole to the Spider Nest.
 13646 | Lair:3   | Reached XP level 13. HP: 67/68 MP: 20/22
 14293 | Lair:3   | Learned a level 3 spell: Confusing Touch
 14366 | Lair:3   | Reached skill level 5 in Hexes
 14806 | D:4      | Bought Great Wizards, Vol. VII for 390 gold pieces
 14810 | D:4      | Learned a level 3 spell: Tukima's Dance
 15073 | Lair:4   | Found a staircase to the Slime Pits.
 15073 | Lair:4   | Found a viscous altar of Jiyva.
 15111 | Lair:4   | Reached skill level 5 in Shields
 15128 | Lair:4   | Found a gate leading to a gauntlet.
 15148 | Gauntlet | Entered a Gauntlet
 15148 | Gauntlet | Found a transporter.
 15148 | Gauntlet | Found a transporter.
 15156 | Gauntlet | Found a transporter.
 15160 | Gauntlet | Found a transporter.
 15169 | Gauntlet | Found a transporter.
 15172 | Gauntlet | Found a transporter.
 15180 | Gauntlet | Found a transporter.
 15183 | Gauntlet | Identified the ring "Raplizxu" {rPois Str+3 Slay+3}
 15196 | Gauntlet | Found a transporter.
 15213 | Gauntlet | Found a transporter.
 15214 | Gauntlet | Found a transporter.
 15222 | Gauntlet | Found a transporter.
 15226 | Gauntlet | Found a transporter.
 15540 | Gauntlet | Identified the +2 helmet of Honesty {Rampage +Blink Str-3
                  | Int-3 Dex+4}
 15540 | Gauntlet | Noticed a minotaur
 15593 | Gauntlet | Killed a minotaur
 15901 | Lair:4   | Reached skill level 10 in Stealth
 16102 | Orc:1    | Entered Level 1 of the Orcish Mines
 16296 | Orc:1    | Found a runed translucent gate.
 16296 | Orc:1    | Found a runed translucent gate.
 16297 | Orc:1    | Found an opulent altar of Gozag.
 16297 | Orc:1    | Found a runed translucent gate.
 16298 | Orc:1    | Noticed Newt's ghost (journeyman DsGl)
 16299 | Orc:1    | Noticed an orc warlord
 16843 | D:11     | Noticed Harold
 16866 | D:11     | Killed Harold
 16880 | D:11     | Noticed Erolcha
 16900 | D:11     | Killed Erolcha
 16901 | D:11     | Reached skill level 6 in Hexes
 17041 | D:11     | Noticed Gastronok
 17070 | D:11     | Killed Gastronok
 17071 | D:11     | Reached XP level 14. HP: 72/77 MP: 28/28
 17098 | D:11     | Noticed Erica
 17114 | D:11     | Killed Erica
 17457 | D:11     | Found a sparkling altar of Nemelex Xobeh.
 17654 | Lair:5   | Entered Level 5 of the Lair of Beasts
 17679 | Lair:4   | Reached skill level 1 in Air Magic
 19088 | Lair:5   | Reached skill level 5 in Air Magic
 19353 | Lair:5   | Noticed Nessos
 19369 | Lair:5   | Reached skill level 7 in Hexes
 19377 | Lair:5   | Killed Nessos
 19638 | Lair:5   | Learned a level 3 spell: Swiftness
 19643 | Lair:5   | Learned a level 4 spell: Airstrike
 19925 | Lair:5   | Reached skill level 5 in Evocations
 19947 | Lair:5   | Reached XP level 15. HP: 78/78 MP: 1/26
 20119 | Lair:5   | Reached ***** piety under Ashenzari
 20312 | D:4      | Bought a book of Death for 572 gold pieces
 20964 | Lair:1   | HP: 1/78 [FakeRyeBread's ghost (21)]
 20973 | Lair:1   | Killed FakeRyeBread's ghost
 21573 | D:12     | Learned a level 5 spell: Yara's Violent Unravelling
 21663 | D:12     | Identified the +4 mace "Hajuvvai" {vamp, Stlth+}
 22230 | D:13     | Gained mutation: You are dopey. (Int -2) [you]
 22257 | D:13     | Reached skill level 1 in Necromancy
 22522 | Spider:1 | Entered Level 1 of the Spider Nest
 22631 | Shoals:1 | Entered Level 1 of the Shoals
 22783 | Orc:1    | Found a transporter.
 22843 | Orc:1    | Found a burning altar of Makhleb.
 22930 | Orc:1    | Learned a level 4 spell: Anguish
 23013 | Orc:2    | Entered Level 2 of the Orcish Mines
 23019 | Orc:2    | Gained mutation: You are clumsy. (Dex -2) [you]
 23045 | Orc:2    | Noticed an orc warlord
 23176 | Orc:1    | Killed an orc warlord
 23177 | Orc:1    | Reached skill level 8 in Hexes
 23183 | Orc:1    | Gained mutation: You are very dopey. (Int -4) [you]
 23191 | Orc:1    | Killed Newt's ghost
 23302 | Orc:1    | Killed an orc warlord
 23331 | Orc:1    | Found a transporter.
 23492 | Orc:2    | Found a runed translucent gate.
 23495 | Orc:2    | Found a runed translucent gate.
 23495 | Orc:2    | Found a runed translucent gate.
 23496 | Orc:2    | Noticed sokol815's ghost (journeyman DsMo)
 23501 | Orc:2    | Found a staircase to the Elven Halls.
 23969 | Orc:2    | Found Cior's Magic Scroll Emporium.
 23975 | Orc:2    | Bought a scroll of blinking for 112 gold pieces
 23975 | Orc:2    | Bought a scroll of vulnerability for 60 gold pieces
 23975 | Orc:2    | Bought a scroll of teleportation for 45 gold pieces
 23975 | Orc:2    | Bought a scroll of fear for 60 gold pieces
 23975 | Orc:2    | Bought a scroll of immolation for 60 gold pieces
 23975 | Orc:2    | Bought a scroll of enchant armour for 112 gold pieces
 23975 | Orc:2    | Bought a scroll of teleportation for 45 gold pieces
 24101 | Orc:2    | Reached skill level 10 in Transmutations
 24117 | Orc:2    | Noticed an orc warlord
 24149 | Orc:2    | Killed an orc warlord
 25158 | Orc:2    | Learned a level 4 spell: Animate Dead
 25261 | Orc:2    | Found Pepuy's Antique Weapon Boutique.
 25263 | Orc:2    | Found Gul Raetz's Antique Armour Shop.
 25515 | Orc:2    | Found Zefidworaq's Armour Boutique.
 25520 | Orc:2    | Gained mutation: You occasionally lose the ability to read
                  | scrolls when taking damage. [you]
 25535 | Orc:2    | Bought a +2 pair of boots of flying for 301 gold pieces
 26104 | D:13     | Found a gate to the Vaults.
 26657 | D:13     | Found a transporter.
 26658 | D:13     | Found a corrupted altar of Lugonu.
 26777 | D:13     | Found a transporter.
 26780 | D:13     | Identified the ring of Kyixuik {Fly rN+}
 27284 | D:14     | Lost mutation: You are clumsy. (Dex -2) [potion of
                  | mutation]
 27284 | D:14     | Lost mutation: You occasionally lose the ability to read
                  | scrolls when taking damage. [potion of mutation]
 27284 | D:14     | Lost mutation: You are very dopey. (Int -4) [potion of
                  | mutation]
 27284 | D:14     | Gained mutation: You have sharp fingernails. [potion of
                  | mutation]
 27284 | D:14     | Gained mutation: You are clumsy. (Dex -2) [potion of
                  | mutation]
 27284 | D:14     | Gained mutation: You have a pair of small horns on your
                  | head. [potion of mutation]
 27285 | D:14     | Lost mutation: You have a pair of small horns on your head.
                  | [potion of mutation]
 27285 | D:14     | Lost mutation: You have sharp fingernails. [potion of
                  | mutation]
 27285 | D:14     | Gained mutation: You are frail. (-10% HP) [potion of
                  | mutation]
 27285 | D:14     | Gained mutation: You are somewhat resistant to further
                  | mutation. [potion of mutation]
 27286 | D:14     | Lost mutation: You are dopey. (Int -2) [potion of mutation]
 27286 | D:14     | Lost mutation: You are clumsy. (Dex -2) [potion of
                  | mutation]
 27575 | D:14     | Found Dofisol's Distillery.
 27578 | D:14     | Bought 2 potions of curing for 60 gold pieces
 27578 | D:14     | Bought a potion of cancellation for 80 gold pieces
 27578 | D:14     | Bought a potion of magic for 80 gold pieces
 27691 | D:15     | Entered Level 15 of the Dungeon
 27720 | D:15     | Reached ****** piety under Ashenzari
 27732 | D:15     | Learned a level 3 spell: Spider Form
 27734 | D:15     | Identified the cursed scarf of Ashenzari's Absolutism
                  | {repulsion, Fort, Melee} (You found it on level 4 of the
                  | Lair of Beasts)
 27734 | D:15     | Identified the cursed +2 hat of Ashenzari's Vision {Int+3,
                  | Comp, Melee} (You took it off Gastronok on level 11 of the
                  | Dungeon)
 27734 | D:15     | Identified the cursed +0 pair of gloves of the Unveiling
                  | Vexation {Cun, Melee} (You found it on level 9 of the
                  | Dungeon)
 27734 | D:15     | Identified the cursed +2 buckler of the Visionary Ether
                  | {Bglg, Fort}
 27734 | D:15     | Identified the cursed +2 swamp dragon scales of Ashenzari's
                  | Pleiades {rPois, Comp, Melee} (You took it off Maggie on
                  | level 6 of the Dungeon)
 28327 | Lair:3   | HP: 2/75 [poisoned by a meliai]
 28420 | Lair:2   | Learned a level 3 spell: Vhi's Electric Charge
 28675 | D:15     | Gained mutation: You are strong-willed. (Will+) [you]
 28686 | D:15     | Reached XP level 16. HP: 79/79 MP: 32/32
 28729 | D:15     | Found a staircase to the Depths.
 28963 | D:15     | Found Boitunt's Weapon Emporium.
 29705 | Elf:1    | Entered Level 1 of the Elven Halls
 29975 | Elf:1    | Paralysed by an air elemental for 1 turns
 30797 | Orc:1    | Reached skill level 9 in Hexes
 30934 | Orc:2    | Killed sokol815's ghost
 31211 | Spider:1 | Reached skill level 10 in Hexes
 31214 | Spider:1 | Noticed Jorgrun
 31337 | Spider:1 | Gained mutation: You occasionally shout uncontrollably at
                  | your foes. [you]
 31338 | Spider:1 | Gained mutation: You sometimes lose your temper in combat.
                  | [you]
 31367 | Lair:3   | Learned a level 1 spell: Apportation
 31408 | Spider:1 | Killed Jorgrun
 31574 | Spider:1 | Reached skill level 11 in Hexes
 32273 | Spider:2 | Reached skill level 12 in Hexes
 32942 | Shoals:1 | Reached XP level 17. HP: 83/83 MP: 23/34
 32966 | Shoals:1 | Gained mutation: You are dopey. (Int -2) [you]
 33006 | Shoals:1 | Reached skill level 13 in Hexes
 33029 | Shoals:1 | Found Hiat's Jewellery Emporium.
 33086 | Shoals:1 | Learned a level 7 spell: Enfeeble
 33385 | Shoals:1 | Reached skill level 5 in Necromancy
 34068 | Shoals:2 | Noticed Polyphemus
 34074 | Shoals:2 | Gained mutation: You have an uncontrollable temper. [you]
 34084 | Shoals:2 | Killed Polyphemus
 34086 | Shoals:2 | HP: 1/84 [merfolk/+0 trident (11)]
 34123 | Shoals:2 | Your ally Polyphemus died
 34139 | Shoals:2 | Reached skill level 10 in Fighting
 34178 | Shoals:2 | Noticed Ilsuiw
 34197 | Shoals:2 | Killed Ilsuiw
 34566 | Elf:1    | Reached skill level 10 in Dodging
 34724 | Elf:1    | Found Rasar's Magic Scroll Boutique.
 34724 | Elf:1    | Found Nuwinn's Magic Scroll Shop.
 34734 | Elf:1    | Bought a scroll of fog for 68 gold pieces
 34734 | Elf:1    | Bought a scroll of vulnerability for 68 gold pieces
 34734 | Elf:1    | Bought a scroll of teleportation for 51 gold pieces
 34734 | Elf:1    | Bought a scroll of teleportation for 51 gold pieces
 34734 | Elf:1    | Bought a scroll of magic mapping for 127 gold pieces
 34895 | Elf:1    | Identified the Parchment of Maleficent Deeds
 35420 | Elf:2    | Found Nymain's Assorted Antiques.
 35489 | Elf:1    | Bought a scroll of blinking for 90 gold pieces
 35567 | Elf:2    | Reached XP level 18. HP: 89/90 MP: 17/35
 35659 | Elf:2    | Reached skill level 1 in Summonings
 35661 | Elf:2    | Gained mutation: You are clumsy. (Dex -2) [you]
 35879 | Elf:2    | Found a runed translucent gate.
 35880 | Elf:2    | Found a runed translucent gate.
 35880 | Elf:2    | Found a runed translucent gate.
 35969 | Elf:2    | Reached skill level 5 in Summonings
 36396 | Spider:2 | HP: 1/90 [broodmother (16)]
 36397 | Spider:2 | Slain by a demonic crawler

Illustrated notes

Levels and vault maps discovered:
D:1:      amcnicky_arrival_double_pillar, layout_loops_cross,
          minmay_split_cup_large
D:2:      layout_basic, serial_glass, glass_columns_a, glass_columns_b
D:3:      lemuel_castle_with_subvaults [lemuel_castle_interior_original],
          layout_rooms, basic_ecumenical_altar, ebering_ghost_sewer_f,
          serial_shops, nicolae_square_shop, corner_web_ring, dk_noncrumbling_2,
          lightli_corner_chamber
D:4:      layout_gridville, mainiacjoe_overflow_six_doors_small, serial_shops,
          shop, uniq_robin, uniq_ijyb
D:5:      layout_layer_cave, st_stairs_7, minmay_misc_feat_tower,
          minmay_misc_feat_diagonals, uniq_eustachio, uniq_duvessa, uniq_grinder
D:6:      layout_cave_pools, tgw_sif, lemuel_temple_firewalk_a, uniq_maggie
D:7:      layout_layer_cave, nzn_wu_jian_council_hall, uniq_joseph
D:8:      layout_basic, uniq_grum
D:9:      layout_basic, corexii_checkpoint_b, uniq_pikel
D:10:     layout_irregular_city, nicolae_qazlal_eye_of_the_storm,
          dpeg_oklobed_lair, minmay_orc_entry_temple_small,
          dreamdust_mushroom_princess, uniq_lodul
D:11:     layout_long_grid, nemelex_lonely_heart_becter, uniq_erolcha,
          uniq_harold, uniq_erica, uniq_gastronok
D:12:     layout_long_grid
D:13:     gammafunk_corrupted_shrine, layout_cave_pods, erik_vaults_1
D:14:     layout_loops_corners, minmay_misc_feat_iff, serial_shops,
          kennysheep_mini
D:15:     hangedman_depths_entry_try_elsewhere_first, layout_irregular_city,
          serial_shops, nicolae_lakefront_shop, hangedman_decor_peaks_small
Temple:   mainiacjoe_temple_bowtie_tessellation
Lair:1:   layout_concentric_octagons, ebering_ghost_funeral_grove,
          serial_bayou_shore_b, serial_bayou_shore_b,
          infiniplex_staircase_pool_2
Lair:2:   layout_loops_ring, minmay_shoals_entry_centaurs, st_stairs_7,
          serial_bayou_shore_a, grunt_megastairs_3
Lair:3:   layout_regular_city, nicolae_spider_entry_non_spiders,
          nicolae_lair_lindhole
Lair:4:   layout_loops_ring, minmay_slime_entry_pillars, gauntlet_entry_generic,
          infiniplex_staircase_pool
Lair:5:   hangedman_lair_tendril_chambers, layout_gridlike,
          chequers_serial_rivers_micro_c, uniq_nessos
Shoals:1: layout_shoals, serial_shops, nicolae_square_shop,
          dpeg_stationary_puzzle
Shoals:2: layout_shoals, uniq_ilsuiw, uniq_polyphemus
Spider:1: layout_spider_delve, uniq_jorgrun
Spider:2: nicolae_spider_brood_tunnel, nicolae_spider_solar_radiation
Orc:1:    gammafunk_beogh_shrine, layout_diamond_mine, ebering_ghost_gozag,
          nicolae_orc_pool_cavern, david_defended_altar_orc
Orc:2:    grunt_orc_community_town_hall, layout_diamond_mine,
          grunt_orc_community_big_house_2, grunt_orc_community_big_house_1,
          grunt_orc_community_house_1, grunt_orc_community_house_2,
          grunt_orc_community_house_1, grunt_orc_community_house_3,
          gammafunk_ghost_split
Elf:1:    layout_loops_corners, minmay_elf_necromancy, minmay_shoptagon
Elf:2:    nicolae_elf_blades_crystal_corner, layout_gridlike, serial_shops,
          shop, enter_trove_5, drop_trap, nicolae_elf_v_pinch, minivault_13

Skill      XL: |  1  2  3  4  5  6  7  8  9 10 11 12 13 14 15 16 17 18 |
---------------+-------------------------------------------------------+-----
Short Blades   | 2 |  2.4
Stealth        | 1 3 5 7 8 9 10 | 10.1
Fighting       | 3 4 5 6 7 8 9 10 | 10.3
Shields        | 3 4 6 |  6.0
Dodging        | 1 2 3 4 5 6 7 8 9 10 | 10.0
Armour         | 3 4 6 7 |  7.9
Transmutations | 1 2 3 5 6 7 9 10 | 10.0
Spellcasting   | 1 2 3 5 7 9 |  9.3
Ranged Weapons | 1 3 4 5 |  5.0
Evocations     | 4 5 6 7 9 |  9.3
Polearms       | 1 6 7 8 |  8.0
Hexes          | 4 6 7 8 12 13 | 13.1
Ice Magic      | 2 |  2.8
Air Magic      | 5 6 7 |  7.2
Necromancy     | 4 5 7 |  7.0
Summonings     | 6 |  6.1

Action                   |  1- 3 |  4- 6 |  7- 9 | 10-12 | 13-15 | 16-18 || total
-------------------------+-------+-------+-------+-------+-------+-------++-------
Melee: Rapier            |    86 |   182 |       |       |       |       ||   268
       Bite              |    22 |    80 |    37 |   232 |   532 |   314 ||  1217
       Dagger            |       |   151 |   116 |       |       |       ||   267
       Lance             |       |       |       |   668 |  1269 |   705 ||  2642
       Unarmed           |       |       |       |       |    22 |       ||    22
 Fire: Arbalest          |       |       |   202 |    34 |       |       ||   236
Throw: Dart              |       |    14 |     9 |     2 |       |       ||    25
       Throwing net      |       |     1 |       |       |       |       ||     1
       Javelin           |       |       |       |    22 |    12 |       ||    34
 Cast: Wereblood         |       |       |       |    12 |    12 |    17 ||    41
       Slow              |       |       |       |    10 |    46 |     7 ||    63
       Ensorcelled Hiber |       |       |       |     6 |     3 |       ||     9
       Tukima's Dance    |       |       |       |       |    32 |    39 ||    71
       Confusing Touch   |       |       |       |       |    10 |       ||    10
       Airstrike         |       |       |       |       |   163 |    98 ||   261
       Swiftness         |       |       |       |       |     6 |     6 ||    12
       Yara's Violent Un |       |       |       |       |    57 |    82 ||   139
       Anguish           |       |       |       |       |    23 |    35 ||    58
       Spider Form       |       |       |       |       |     5 |       ||     5
       Animate Dead      |       |       |       |       |     4 |    20 ||    24
       Vhi's Electric Ch |       |       |       |       |     2 |     5 ||     7
       Enfeeble          |       |       |       |       |       |    17 ||    17
Invok: Curse Item        |       |       |       |     7 |     6 |       ||    13
       Shatter the Chain |       |       |       |       |     3 |       ||     3
 Abil: Evoke Blink       |       |       |       |       |     3 |     3 ||     6
       End Transformatio |       |       |       |       |     3 |       ||     3
Evoke: Wand              |       |       |       |     2 |    12 |     7 ||    21
       Tin of tremorston |       |       |       |     2 |     3 |     4 ||     9
       Phial of floods   |       |       |       |       |       |     2 ||     2
  Use: Scroll            |       |     1 |     3 |    10 |    21 |     9 ||    44
       Potion            |       |       |     1 |     2 |     8 |     1 ||    12
 Stab: Sleeping          |       |     4 |       |     7 |    27 |     2 ||    40
       Petrifying        |       |       |       |     1 |       |       ||     1
       Confused          |       |       |       |       |    12 |       ||    12
       Distracted        |       |       |       |       |     4 |     6 ||    10
       Invisible         |       |       |       |       |     1 |    12 ||    13
Armor: Scale mail        |    33 |       |       |       |       |       ||    33
       Leather armour    |     6 |    55 |    41 |       |       |       ||   102
       Swamp dragon scal |       |       |       |   259 |   406 |   281 ||   946
       Skin              |       |       |       |       |     1 |       ||     1
Dodge: Dodged            |    49 |   281 |   250 |   736 |  1248 |   800 ||  3364
       Repelled          |       |       |       |       |     6 |    13 ||    19
Block: Buckler           |    13 |    88 |    22 |   214 |   509 |   405 ||  1251

Table legend: (Time is in decaauts)
 A = Elapsed time spent in this place.
 B = Non-inter-level travel time spent in this place.
 C = Inter-level travel time spent in this place.
 D = Time resting spent in this place.
 E = Time spent auto-exploring this place.
 F = Levels seen in this place.
 G = Mean time per level.
                   A        B        C        D        E       F      G
               +--------+--------+--------+--------+--------+-----+--------+
         Total |  36894 |  28174 |   8720 |    453 |  19371 |  30 | 1229.8 |
       Dungeon |  19576 |  14319 |   5257 |    273 |  10073 |  15 | 1305.1 |
        Temple |    280 |    211 |     69 |      0 |    185 |   1 |  280.0 |
          Lair |   8017 |   5690 |   2327 |    128 |   3756 |   5 | 1603.4 |
        Shoals |   1975 |   1872 |    103 |     29 |   1323 |   2 |  987.5 |
   Spider Nest |   1092 |    975 |    117 |     20 |    491 |   2 |  546.0 |
  Orcish Mines |   3227 |   2614 |    613 |      3 |   1910 |   2 | 1613.5 |
   Elven Halls |   2217 |   1986 |    231 |      0 |   1460 |   2 | 1108.5 |
      Gauntlet |    507 |    507 |      0 |      0 |    170 |   1 |  507.0 |
               +--------+--------+--------+--------+--------+-----+--------+

Top non-repeatable levels by time:
    D:10: 2415 daAuts
  Lair:1: 2218 daAuts
     D:3: 2181 daAuts
     D:5: 1840 daAuts
  Lair:3: 1715 daAuts
Shoals:1: 1688 daAuts
   Orc:2: 1677 daAuts
  Lair:2: 1626 daAuts
   Elf:1: 1575 daAuts
   Orc:1: 1549 daAuts
     D:7: 1514 daAuts
  Lair:5: 1372 daAuts
    D:13: 1339 daAuts
    D:12: 1320 daAuts
     D:9: 1287 daAuts
